 Dungeon Crawl Stone Soup version 0.23.2-40-g277498a001 (webtiles) character file.

Game seed: 13554976183555305779

21859 Emblim88 the Grappler (level 12, -8/110 HPs)
             Began as a Minotaur Berserker on Oct 16, 2019.
             Was a High Priest of Trog.
             Mangled by Urug
             ... wielding a +2 double sword of slicing
              (28 damage)
             ... on level 12 of the Dungeon.
             The game lasted 00:36:12 (11799 turns).

Emblim88 the Grappler (Minotaur Berserker)         Turns: 11799, Time: 00:36:14

Health: -8/110     AC: 19    Str: 25    XL:     12   Next: 57%
Magic:  15/15      EV: 10    Int:  2    God:    Trog [*****.]
Gold:   477        SH:  3    Dex:  7    Spells: 11/11 levels left

rFire    + . .     SeeInvis +   z - +4 falchion of Sharkskin {speed, rPois rC+ Dex-5}
rCold    + . .     Gourm    .   (no shield)
rNeg     . . .     Faith    .   I - +0 plate armour
rPois    +         Spirit   .   S - +1 hat
rElec    .         Reflect  +   (no cloak)
rCorr    .         Harm     .   n - +0 pair of gloves
MR       ++...                  y - +0 pair of boots
Stlth    ..........             f - +3 amulet of reflection
HPRegen  0.28/turn              E - ring of see invisible
MPRegen  0.14/turn              w - ring of protection from fire

@: berserk cooldown, slowed, very slow
A: retaliatory headbutt, horns 2, dopey 1, magic resistance 2
a: Berserk, Trog's Hand, Brothers in Arms, Renounce Religion


You were on level 12 of the Dungeon.
You worshipped Trog.
Trog was extremely pleased with you.
You were not hungry.

You visited 1 branch of the dungeon, and saw 12 of its levels.

You collected 477 gold pieces.

Inventory:

Hand Weapons
 z - the +4 falchion of Sharkskin (weapon) {speed, rPois rC+ Dex-5}
   (You found it on level 12 of the Dungeon)

   Attacks with this weapon are significantly faster.
   It affects your dexterity (-5).
   It protects you from cold.
   It protects you from poison.
 C - a +6 longbow of flaming
 V - the +2 broad axe of Diet Blood {chop, rF+}
   (You found it on level 11 of the Dungeon)

   It inflicts extra damage upon your enemies.
   It protects you from fire.
Missiles
 R - 4 throwing nets (quivered)
 W - 40 arrows
Armour
 n - a +0 pair of gloves (worn)
 y - a +0 pair of boots (worn)
 I - a +0 plate armour (worn)
 S - a +1 hat (worn)
Jewellery
 f - a +3 amulet of reflection (around neck)
 k - an uncursed amulet of regeneration
 u - an uncursed ring of ice
 w - a ring of protection from fire (right hand)
 E - a ring of see invisible (left hand)
 T - an uncursed ring of ice
Wands
 a - a wand of flame (27)
 t - a wand of digging (3)
 v - a wand of enslavement (18)
 A - a wand of paralysis (32)
 L - a wand of polymorph (8)
 M - a wand of random effects (12)
 Q - a wand of acid (6)
Scrolls
 c - a scroll of holy word {unknown}
 h - 2 scrolls of immolation
 i - 2 scrolls of magic mapping
 j - 4 scrolls of enchant armour
 m - 6 scrolls of remove curse
 s - 3 scrolls of noise
 x - 4 scrolls of fear
 B - 4 scrolls of enchant weapon
 D - 4 scrolls of teleportation
Potions
 d - 2 potions of flight
 e - a potion of agility
 g - 3 potions of mutation
 l - 4 potions of lignification
 o - 3 potions of heal wounds
 q - 2 potions of brilliance
 r - a potion of haste
 F - a potion of might
 G - a potion of degeneration
 K - a potion of resistance
 N - 2 potions of invisibility {unknown}
 O - 3 potions of berserk rage
 P - a potion of magic {unknown}
 U - a potion of ambrosia {unknown}
Comestibles
 b - 20 rations
 p - 6 chunks of flesh


   Skills:
 + Level 11.3 Fighting
 + Level 2.1 Bows
 + Level 11.0 Armour
 + Level 10.2 Dodging
 * Level 13.5 Unarmed Combat
 - Level 6.2 Evocations


You had 11 spell levels left.
You didn't know any spells.
Your spell library was empty.

Dungeon Overview and Level Annotations

Branches:
Dungeon (12/15)            Temple (0/1) D:4            Lair (0/6) D:8
    Orc (0/2) D:10

Altars:
Ashenzari
Gozag
Uskayaw
Zin

Shops:
D:12 (

Annotations:
D:12 Urug


Innate Abilities, Weirdness & Mutations

You reflexively headbutt those who attack you in melee.
You have a pair of horns on your head.
You are dopey. (Int -2)
You are highly resistant to hostile enchantments. (MR++)


Message History

Urug hits you but does no damage.
The orc warrior hits you but does no damage.
Urug drinks a potion.
Urug goes berserk!
You hit Urug.
Urug is heavily wounded.
Urug hits you with a +2 double sword of slicing!
The orc warrior hits you with a +0 flail!
You barely miss Urug. You headbutt Urug. You punch Urug!
Urug is severely wounded.
Urug hits you but does no damage.
The orc warrior hits you but does no damage.
Urug hits you with a +2 double sword of slicing!!
You hit Urug.
Urug is severely wounded.
Urug hits you with a +2 double sword of slicing!
* * * LOW HITPOINT WARNING * * *
x2 The orc warrior hits you with a +0 flail.
* * * LOW HITPOINT WARNING * * *
Urug hits you with a +2 double sword of slicing!!
You die...

.##.# #.# .##.# #.#
.##.###.#
.##....(#####
............##
...........>.#######
###..#####.........#
#..#
#..######.####.#
##.#
#.....(@oo$....# #.#
########o....... ###
#.........
#(........#
....[.:....#
$$$.(.(...###
#$o$o........
#$.$##...##### ##oo
##.##


You could see Urug (berserk), an orc warrior and an orc wizard (invisible).

Vanquished Creatures
  Gastronok (D:10)
  Fannar (D:10)
  A hydra (D:11)
  5 two-headed ogres
  Erica (D:8)
  Sonja (D:10)
  Nergalle (D:10)
  An ugly thing (D:11)
  A wolf spider zombie (D:10)
  A cyclops (D:11)
  2 gargoyles (D:11)
  Joseph (D:10)
  A komodo dragon (D:11)
  4 trolls
  Grinder (D:4)
  A hornet (D:10)
  2 dream sheep (D:11)
  4 hippogriffs
  14 yaks
  A basilisk (D:12)
  A hungry ghost (D:9)
  A steam dragon (D:9)
  A soldier ant (D:11)
  2 water moccasins
  10 orc warriors
  2 phantoms
  A sky beast (D:12)
  A necrophage (D:6)
  A black bear (D:6)
  2 ice beasts
  6 ogres
  6 centaurs
  3 big kobolds (D:11)
  A crocodile (D:8)
  5 bullfrogs
  A wyvern zombie (D:9)
  A gnoll sergeant (D:11)
  8 scorpions
  13 killer bees
  An electric eel (D:8)
  8 howler monkeys
  7 wights
  4 crimson imps
  2 quasits
  A centaur zombie (D:11)
  4 orc priests
  A gnoll shaman (D:5)
  2 jellies
  7 hounds
  2 bullfrog skeletons
  3 centaur skeletons
  3 iguanas
  Jessica (D:2)
  Ijyb (D:3)
  12 orc wizards
  4 worker ants
  A hound zombie (D:8)
  2 worker ant zombies
  14 adders
  9 gnolls
  A howler monkey skeleton (D:6)
  A shadow imp (D:8)
  4 adder skeletons
  An adder zombie (D:6)
  2 worms
  3 dart slugs
  8 leopard geckos
  43 orcs
  8 bats
  4 giant cockroaches
  4 goblins
  7 hobgoblins
  4 jackals
  3 quokkas
  A ball python (D:3)
  5 frilled lizards
  7 kobolds
  A quokka skeleton (D:8)
  6 rats
313 creatures vanquished.

Vanquished Creatures (others)
  A sky beast (D:10)
1 creature vanquished.

Grand Total: 314 creatures vanquished

Notes
Turn   | Place    | Note
-------+----------+-------------------------------------------
     0 | D:1      | Emblim88 the Minotaur Berserker began the quest for the
                  | Orb.
     0 | D:1      | Reached XP level 1. HP: 19/19 MP: 0/0
   290 | D:1      | Reached XP level 2. HP: 19/27 MP: 1/1
   642 | D:1      | You fall through a shaft!
   962 | D:1      | Reached XP level 3. HP: 33/33 MP: 2/2
  1166 | D:2      | Noticed Jessica
  1168 | D:2      | Killed Jessica
  1168 | D:2      | Reached ** piety under Trog
  1506 | D:2      | Found an opulent altar of Gozag.
  1507 | D:2      | Found a glowing silver altar of Zin.
  1511 | D:2      | Reached XP level 4. HP: 40/40 MP: 3/3
  1512 | D:2      | Found a shattered altar of Ashenzari.
  1914 | D:3      | Reached skill level 4 in Unarmed Combat
  2069 | D:3      | Reached XP level 5. HP: 46/47 MP: 4/4
  2408 | D:3      | Noticed Ijyb
  2427 | D:3      | Killed Ijyb
  3267 | D:4      | Reached skill level 5 in Fighting
  3286 | D:4      | Found a staircase to the Ecumenical Temple.
  3407 | D:4      | Noticed Grinder
  3421 | D:4      | Killed Grinder
  3421 | D:4      | Reached skill level 5 in Unarmed Combat
  3421 | D:4      | Reached XP level 6. HP: 56/56 MP: 5/5
  4038 | D:5      | Entered Level 5 of the Dungeon
  4073 | D:5      | Reached XP level 7. HP: 57/61 MP: 6/6
  4096 | D:5      | Reached skill level 5 in Armour
  4096 | D:5      | Reached skill level 1 in Evocations
  4256 | D:5      | Reached skill level 6 in Unarmed Combat
  4288 | D:5      | Reached skill level 5 in Dodging
  4537 | D:5      | Reached XP level 8. HP: 70/70 MP: 8/8
  4657 | D:6      | Noticed a hippogriff
  4664 | D:5      | Reached *** piety under Trog
  4673 | D:5      | Killed a hippogriff
  4695 | D:6      | Reached skill level 7 in Unarmed Combat
  5252 | D:6      | Reached XP level 9. HP: 75/79 MP: 10/10
  5304 | D:6      | Reached skill level 8 in Unarmed Combat
  6003 | D:7      | Reached **** piety under Trog
  6119 | D:7      | Reached skill level 9 in Unarmed Combat
  6686 | D:8      | Reached XP level 10. HP: 58/88 MP: 12/12
  6790 | D:8      | Noticed Erica
  6800 | D:8      | Killed Erica
  7013 | D:8      | Reached skill level 10 in Unarmed Combat
  7098 | D:8      | Found a staircase to the Lair.
  7574 | D:9      | Reached skill level 5 in Evocations
  7878 | D:9      | Found a hide-covered altar of Uskayaw.
  8537 | D:10     | Entered Level 10 of the Dungeon
  8683 | D:10     | Noticed Sonja
  8837 | D:10     | Killed Sonja
  8837 | D:10     | Reached skill level 11 in Unarmed Combat
  8837 | D:10     | Reached XP level 11. HP: 95/97 MP: 14/14
  9026 | D:10     | Got a steaming rapier
  9027 | D:10     | Lost intelligence.
  9027 | D:10     | Identified the cursed +0 rapier "Laig" {pierce, rPois MP+9
                  | Int-5 Dex+3} (You found it on level 10 of the Dungeon)
  9147 | D:10     | Received a gift from Trog
  9160 | D:10     | Noticed Fannar
  9195 | D:10     | Killed Fannar
  9265 | D:10     | Found a staircase to the Orcish Mines.
  9286 | D:10     | Noticed Gastronok
  9308 | D:10     | Noticed Joseph
  9529 | D:10     | Killed Joseph
  9537 | D:10     | Killed Gastronok
  9537 | D:10     | Reached skill level 10 in Fighting
  9612 | D:10     | Noticed Nergalle
  9622 | D:10     | Killed Nergalle
  9622 | D:10     | Reached skill level 12 in Unarmed Combat
 10052 | D:11     | Noticed a two-headed ogre
 10056 | D:11     | Noticed a white ugly thing
 10074 | D:11     | Killed a white ugly thing
 10080 | D:11     | Reached ***** piety under Trog
 10088 | D:10     | Reached skill level 10 in Armour
 10351 | D:10     | Killed a two-headed ogre
 10403 | D:11     | Noticed a two-headed ogre
 10420 | D:11     | Noticed a two-headed ogre
 10436 | D:10     | Killed a two-headed ogre
 10436 | D:10     | Reached XP level 12. HP: 95/108 MP: 15/15
 10543 | D:11     | Killed a two-headed ogre
 10550 | D:11     | Noticed a two-headed ogre
 10862 | D:11     | Killed a two-headed ogre
 10862 | D:11     | Reached skill level 13 in Unarmed Combat
 10896 | D:11     | Received a gift from Trog
 11167 | D:11     | Got an ancient broad axe
 11185 | D:11     | Identified the +2 broad axe of Diet Blood {chop, rF+} (You
                  | found it on level 11 of the Dungeon)
 11439 | D:11     | Noticed a three-headed hydra
 11452 | D:11     | Killed a three-headed hydra
 11452 | D:11     | Reached skill level 1 in Bows
 11452 | D:11     | Reached skill level 10 in Dodging
 11672 | D:12     | Gained mutation: You are dopey. (Int -2) [potion of
                  | mutation]
 11672 | D:12     | Gained mutation: You are resistant to hostile enchantments.
                  | (MR+) [potion of mutation]
 11672 | D:12     | Gained mutation: You are highly resistant to hostile
                  | enchantments. (MR++) [potion of mutation]
 11723 | D:12     | Noticed a two-headed ogre
 11732 | D:12     | Killed a two-headed ogre
 11756 | D:12     | Got a steaming falchion
 11757 | D:12     | Identified the +4 falchion of Sharkskin {speed, rPois rC+
                  | Dex-5} (You found it on level 12 of the Dungeon)
 11778 | D:12     | Noticed Urug
 11779 | D:12     | Found Otubumej's Weapon Shoppe.
 11799 | D:12     | Mangled by Urug

Skill      XL: |  1  2  3  4  5  6  7  8  9 10 11 12 |
---------------+-------------------------------------+-----
Fighting       | 4 5 6 7 8 9 10 11 | 11.3
Armour         | 3 4 5 6 7 9 10 11 | 11.0
Dodging        | 3 4 5 6 7 8 9 10 | 10.2
Unarmed Combat | 4 5 6 7 9 11 12 13 | 13.5
Evocations     | 2 3 4 5 6 |  6.2
Bows           | 2 |  2.1

Action                   |  1- 3 |  4- 6 |  7- 9 | 10-12 || total
-------------------------+-------+-------+-------+-------++-------
Melee: Unarmed           |    66 |   125 |   271 |   441 ||   903
       Headbutt          |     9 |    23 |    60 |   104 ||   196
       Punch             |       |     2 |    10 |    18 ||    30
       Falchion          |       |       |       |    11 ||    11
 Fire: Longbow           |       |       |       |    18 ||    18
Throw: Javelin           |     3 |     1 |    28 |       ||    32
Invok: Berserk           |     1 |     3 |     1 |    12 ||    17
       Trog's Hand       |       |       |       |     1 ||     1
Evoke: Wand              |       |       |       |    14 ||    14
  Use: Scroll            |       |     5 |     5 |     5 ||    15
       Potion            |       |     3 |       |    11 ||    14
  Eat: Chunk             |     2 |     4 |     4 |     4 ||    14
       Ration            |       |     3 |     1 |     8 ||    12
Armor: Animal skin       |     4 |       |       |       ||     4
       Leather armour    |     6 |    17 |       |       ||    23
       Ring mail         |       |    11 |    64 |       ||    75
       Plate armour      |       |       |    26 |   236 ||   262
Dodge: Dodged            |    44 |    60 |   159 |   194 ||   457
Block: Other             |     5 |    14 |    44 |    57 ||   120
       Reflection        |       |       |     5 |     1 ||     6
